 Dungeon Crawl Stone Soup version 0.31.0-11-ge490571c62 (webtiles) character file.

Game seed: 6421544361270488737

4139 Laqueoixx the Grappler (level 10, -8/66 HPs)
             Began as an Octopode Shapeshifter on Feb 5, 2024.
             Was a Follower of Ashenzari.
             Mangled by Prince Ribbit (15 damage)
             ... in a bailey.
             The game lasted 00:11:19 (7040 turns).

Laqueoixx the Grappler (Octopode Shapeshifter)      Turns: 7040, Time: 00:11:20

Health: -8/66      AC:  1    Str: 14    XL:     10   Next: 27%
Magic:  28/28      EV: 19    Int: 26    God:    Ashenzari [*.....]
Gold:   110        SH:  5    Dex: 13    Spells: 9/9 levels left

rFire   . .          .
                       - Unarmed
rCold   + . .        i - melded +1 kite shield "Circumscribed Visionary" {Range, Sorc} (curse)
rNeg    . . .        (helmet restricted)
rPois   .            m - amulet of reflection
rElec   .            j - ring of magical power
rCorr   +            d - ring of the Oracular Vexation {Fly rCorr MP+9 Int+5, Comp, Dev} (curse)
SInv    .            p - ring of the Restrained Malaise {Int+6, Comp, Range} (curse)
Will    .....        q - ring of protection from cold
Stlth   ++           (no ring)
HPRegen 0.31/turn    (no ring)
MPRegen 0.21/turn    (no ring)
                     (no ring)

%: reflection
@: flux-form, flying, glowing
A: glow, contaminating, almost no armour, amphibious, 8 rings, camouflage 1,
gelatinous body 1, nimble swimmer 1, tentacles
a: Begin Untransformation, Renounce Religion, Curse Item, Shatter the Chains


You were in a bailey.
You worshipped Ashenzari.
Ashenzari was aware of your devotion.
You were something dangerously unstable.
You visited 2 branches of the dungeon, and saw 9 of its levels.
You also visited: Bailey.

You collected 451 gold pieces.
You spent 341 gold pieces at shops.

Inventory:

Missiles
 g - 3 curare-tipped darts
 u - 13 poisoned darts (quivered)
 x - a throwing net
Armour
 i - the cursed +1 kite shield "Circumscribed Visionary" (melded) {Range, Sorc}
   (You found it on level 1 of the Dungeon)

   It has a curse which improves the following skills: Ranged Combat: Ranged
   Weapons and Throwing.
   Sorcery:   Conjurations and Alchemy.
Jewellery
 d - the cursed ring of the Oracular Vexation (right tentacle) {Fly rCorr MP+9 Int+5, Comp, Dev}
   (You acquired it on level 2 of the Dungeon)

   [ring of flight]

   Int+5:     It affects your intelligence (+5).
   MP+9:      It affects your magic capacity (+9).
   Fly:       It grants you flight.
   rCorr:     It protects you from acid and corrosion.
   It has a curse which improves the following skills: Companions: Summonings
   and Necromancy.
   Devices:   Evocations and Shapeshifting.
 j - a ring of magical power (left tentacle)
 m - an amulet of reflection (around mantle)
 p - the cursed ring of the Restrained Malaise (on tentacle) {Int+6, Comp, Range}
   (You found it on level 3 of the Dungeon)

   [ring of intelligence]

   Int+6:     It affects your intelligence (+6).
   It has a curse which improves the following skills: Companions: Summonings
   and Necromancy.
   Ranged Combat: Ranged Weapons and Throwing.
 q - a ring of protection from cold (on tentacle)
 s - an amulet of magic regeneration
 z - the amulet "Ahatuduf" {RegenMP Fly Will+ Dex+4}
   (You found it on level 7 of the Dungeon)

   [amulet of magic regeneration]

   RegenMP:   It increases your rate of magic regeneration.
   Dex+4:     It affects your dexterity (+4).
   Will+:     It increases your willpower.
   Fly:       It grants you flight.
Talismans
 b - a beast talisman
 c - a flux talisman (active)
Scrolls
 f - 2 scrolls of teleportation
 r - 3 scrolls of identify
 t - a scroll of amnesia
 y - a scroll of enchant armour
 A - a scroll of revelation
Potions
 a - a potion of lignification
 e - 3 potions of mutation
 h - 5 potions of curing
 k - a potion of enlightenment
 l - 2 potions of resistance
 n - 2 potions of heal wounds
 o - a potion of brilliance
 v - 2 potions of might
 w - a potion of haste


   Skills:
 + Level 5.3 Fighting
 + Level 5.6 Dodging
 * Level 9.8 Unarmed Combat
 + Level 8.2(9.1) Shapeshifting


You had 9 spell levels left.
You didn't know any spells.
Your spell library contained the following spells:

 Spells                   Type           Power      Damage    Failure   Level
 Kiss of Death            Conj/Necr      0%         2d5       13%         1
 Slow                     Hex            0%         N/A       13%         1
 Confusing Touch          Hex            0%         N/A       36%         3
 Frozen Ramparts          Ice            0%         1d1       36%         3
 Sigil of Binding         Hex            0%         N/A       36%         3
 Vampiric Draining        Necr           0%         2d6       36%         3
 Dispel Undead            Necr           0%         3d6       77%         4
 Leda's Liquefaction      Alch/Erth      0%         N/A       77%         4
 Petrify                  Alch/Erth      0%         N/A       77%         4
 Metabolic Englaciation   Hex/Ice        0%         N/A       98%         5


Dungeon Overview and Level Annotations

Branches:
Dungeon (8/15)             Temple (1/1) D:4          Bailey (1/1)
   Lair: D:8-11

Altars:
Ashenzari
Cheibriados
Dithmenos
Elyvilon
Fedhas
Gozag
Hepliaklqana
Kikubaaqudgha
Makhleb
Nemelex Xobeh
Okawaru
Qazlal
Ru
Sif Muna
Trog
Uskayaw
Vehumet
Wu Jian
Xom
Yredelemnul
Zin
The Shining One

Shops:
D:1 (:*!   D:4 (   D:6 !   D:7 !

Annotations:
Bailey Prince Ribbit


Innate Abilities, Weirdness & Mutations

You are something dangerously unstable.
You glow with magical radiation, making you easy to see and hit.
Foes you strike become dangerously contaminated with magical radiation.
You are incapable of wielding weapons or throwing items.
You cannot wear most types of armour.
You are amphibious.
You can wear up to eight rings at the same time.
Your skin changes colour to match your surroundings (Stealth+).
Your rubbery body absorbs attacks. (AC +1, EV +1)
You are camouflaged when in or above water. (Stealth+)
You have tentacles for arms and can constrict up to eight enemies at once.


Message History

You tentacle-slap the vault guard.
The vault guard glows dangerously bright.
The vault guard is almost dead.
You constrict the vault guard.
You kill the vault guard!
You hear a splash. x2
The bullfrog hits you. The bullfrog hits you!
You block the vault guard's attack.
Your Fighting skill increases to level 5!
Your Dodging skill increases to level 5!
Your Shapeshifting skill increases to level 8!
You have reached level 10!
You feel clever.
You tentacle-slap the vault guard.
The vault guard begins to glow.
You grab the vault guard.
The vault guard is heavily wounded.
You constrict the vault guard, but do no damage.
The bullfrog misses you.
You bludgeon the vault guard!
The vault guard glows dangerously bright.
You squeeze the vault guard, but do no damage.
The vault guard is heavily wounded.
You constrict the vault guard.
The vault guard hits you with a +0 broad axe.
The bullfrog completely misses you.
Prince Ribbit catches a small bird with his tongue.
You bludgeon the vault guard!
The vault guard shudders as magic cascades through it!!
You kill the vault guard!
You hear a splash. x2
You barely miss Prince Ribbit. You grab Prince Ribbit.
You constrict Prince Ribbit. You block Prince Ribbit's attack.
The bullfrog hits you.
You tentacle-slap Prince Ribbit.
Prince Ribbit begins to glow.
Prince Ribbit is lightly wounded.
You constrict Prince Ribbit. You block the bullfrog's attack.
Prince Ribbit hits you!
* * * LOW HITPOINT WARNING * * *
The bullfrog barely misses you. Prince Ribbit hits you!
You die...

###### ###.'.~# ##~.≈#,
##~~.≈# #~~~.≈##
##~..~≈### #########
##...~Fp####≈≈#....##
.#.~..F)≈≈≈≈~~#.....##
∩..'..~.~~~~~~..'..#...#
...#...~.....).÷#..#...#
...##........~≈≈≈#..##..#
####~.~.....)≈#######...#
#≈~~~~~~~~~≈##.....).####
##≈~~~~~~~~~≈#......##...
##≈≈~~~~~≈≈##+#...)'..∩.


You could see Prince Ribbit (contam) and a bullfrog.

Vanquished Creatures
  2 vault guards (Bailey)
  A wraith (D:7)
  2 humans (Bailey)
  Edmund (D:6)
  A water moccasin (D:7)
  3 black bears
  3 orc warriors
  An ogre (D:4)
  A phantom (D:6)
  2 kobold brigands
  8 bullfrogs
  2 scorpions
  5 hounds
  4 jellies
  3 bombardier beetles
  2 gnoll boudas
  An iguana (D:5)
  5 orc wizards
  6 adders
  10 gnolls
  A shadow imp (D:6)
  2 ufetubi (D:7)
  2 dart slugs (D:3)
  27 orcs
  5 endoplasms
  3 giant cockroaches
  7 goblins
  8 hobgoblins
  6 jackals
  16 kobolds
  A quokka (D:3)
  3 ball pythons
  17 bats
  3 frilled lizards (D:1)
  A rat (D:3)
165 creatures vanquished.

Notes
Turn   | Place    | Note
-------+----------+-------------------------------------------
     0 | D:1      | Laqueoixx the Octopode Shapeshifter began the quest for the
                  | Orb.
     0 | D:1      | Reached XP level 1. HP: 13/13 MP: 1/1
    60 | D:1      | Found a faded altar of an unknown god.
   178 | D:1      | Reached XP level 2. HP: 13/18 MP: 2/2
   222 | D:1      | Found Ygae's Distillery.
   229 | D:1      | Bought a potion of curing for 33 gold pieces
   273 | D:1      | Found Remawkea's Assorted Antiques.
   330 | D:1      | Reached skill level 4 in Unarmed Combat
   330 | D:1      | Reached XP level 3. HP: 8/23 MP: 3/3
   528 | D:1      | Found Tiloy's Book Emporium.
   588 | D:1      | Found Securr's Weapon Shoppe.
   892 | D:2      | Identified a scroll of acquirement
   892 | D:2      | Acquired the ring "Heenyt" {Fly rCorr MP+9 Int+5}
  1644 | D:3      | Reached XP level 4. HP: 28/28 MP: 4/4
  1857 | D:3      | Reached skill level 5 in Unarmed Combat
  2489 | D:3      | Found a blossoming altar of Fedhas.
  2498 | D:3      | Found a hazy altar of Hepliaklqana.
  2582 | D:4      | Noticed a scorpion
  2587 | D:4      | Killed a scorpion
  2588 | D:4      | Reached XP level 5. HP: 33/33 MP: 5/5
  2709 | D:4      | Found a staircase to the Ecumenical Temple.
  2719 | Temple   | Entered the Ecumenical Temple
  2723 | Temple   | Became a worshipper of Ashenzari the Shackled
  2856 | D:4      | Found an ornate altar of the Wu Jian Council.
  2868 | D:4      | Identified the +3 spear "Hoitwoh" {elec, rElec}
  2912 | D:4      | Reached skill level 6 in Unarmed Combat
  3122 | D:4      | Found Kefiom's Weapon Emporium.
  3122 | D:4      | Noticed an ogre
  3136 | D:4      | Killed an ogre
  3137 | D:4      | Reached XP level 6. HP: 32/38 MP: 6/6
  3366 | D:5      | Entered Level 5 of the Dungeon
  3510 | D:5      | Noticed a black bear
  3516 | D:5      | Killed a black bear
  3517 | D:5      | Reached skill level 5 in Shapeshifting
  3517 | D:5      | Reached XP level 7. HP: 39/43 MP: 7/7
  3716 | D:5      | Found a bloodstained altar of Trog.
  3750 | D:5      | Found a white marble altar of Elyvilon.
  4439 | D:6      | Reached * piety under Ashenzari
  4555 | D:6      | Noticed Edmund
  4575 | D:6      | Killed Edmund
  4576 | D:6      | Reached XP level 8. HP: 26/49 MP: 8/8
  4990 | D:6      | Found Lenoen's Distillery.
  5005 | D:6      | Bought a potion of haste for 140 gold pieces
  5005 | D:6      | Bought a potion of curing for 42 gold pieces
  5005 | D:6      | Bought a potion of heal wounds for 70 gold pieces
  5005 | D:6      | Bought a potion of might for 56 gold pieces
  5135 | D:7      | Reached skill level 7 in Unarmed Combat
  5428 | D:7      | Reached XP level 9. HP: 57/57 MP: 9/9
  5620 | D:7      | Reached skill level 8 in Unarmed Combat
  6298 | D:7      | Found Geohe's Distillery.
  6376 | D:7      | Identified the amulet "Ahatuduf" {RegenMP Fly Will+ Dex+4}
  6602 | D:8      | Found a flagged portal.
  6612 | Bailey   | Entered a bailey
  6782 | Bailey   | Reached skill level 9 in Unarmed Combat
  7017 | Bailey   | Noticed Prince Ribbit
  7017 | Bailey   | Noticed a vault guard
  7019 | Bailey   | Noticed a vault guard
  7035 | Bailey   | Killed a vault guard
  7036 | Bailey   | Reached skill level 5 in Fighting
  7036 | Bailey   | Reached skill level 5 in Dodging
  7036 | Bailey   | Reached XP level 10. HP: 30/66 MP: 10/10
  7038 | Bailey   | Killed a vault guard
  7040 | Bailey   | Mangled by Prince Ribbit

Illustrated notes

Levels and vault maps discovered:
D:1:      sevenhm_arrival_forest_fort_small_6, layout_loops_ring,
          hellmonk_ecumenical_altar_heavens_door, serial_shops, shop, shop,
          nicolae_shop_real_fake_doors, nicolae_diamond_shop,
          minmay_pentomino_v4
D:2:      layout_basic
D:3:      layout_loops_cross, mainiacjoe_overflow_swirl
D:4:      layout_basic, nicolae_wu_jian_glorious_leap,
          minmay_temple_entry_overgrown, serial_shops, nicolae_shop_statue_plus,
          chequers_serial_rivers_micro_a, serial_library_hellmonk_small_alcove
D:5:      layout_loops_corners, mainiacjoe_overflow_boulevard,
          mainiacjoe_overflow_alcove_4
D:6:      layout_loops_cross, serial_shops, shop, grunt_ministairs_13,
          uniq_edmund
D:7:      layout_layer_cave, serial_shops, shop
D:8:      layout_rooms, serial_shops, nicolae_shop_behind_doors, enter_bailey_4,
          minmay_chambers_of_fives, uniq_maggie
Temple:   sentei_temple_godly_chess
Bailey:   bailey_axe_froggy_fort_hellmonk, bailey

Skill      XL: |  1  2  3  4  5  6  7  8  9 |
---------------+----------------------------+-----
Unarmed Combat | 4 5 6 7 9 |  9.8
Shapeshifting  | 4 5 6 7 8 |  8.2
Fighting       | 3 5 |  5.3
Dodging        | 3 5 |  5.6

Action                     |  1- 3 |  4- 6 |  7- 9 | 10-12 || total
---------------------------+-------+-------+-------+-------++-------
  Melee: Unarmed           |    73 |    67 |   236 |     5 ||   381
         Constrict         |    24 |    16 |    73 |     2 ||   115
         Tentacles         |    15 |    22 |    83 |     1 ||   121
         Punch             |     1 |     4 |     2 |       ||     7
 Invoke: Curse Item        |       |       |     3 |       ||     3
    Use: Scroll            |     5 |     7 |     2 |       ||    14
         Potion            |       |       |     1 |       ||     1
   Stab: Sleeping          |     8 |     4 |     2 |       ||    14
         Distracted        |       |     1 |       |       ||     1
 Armour: Skin              |    35 |    21 |    65 |     4 ||   125
  Dodge: Dodged            |    57 |    26 |   127 |     3 ||   213
  Block: Other             |     7 |    10 |    39 |     2 ||    58
         Kite shield       |       |     8 |    20 |       ||    28
         Reflection        |       |       |     2 |       ||     2
   Form: Flux              |       |       |     1 |       ||     1
